 Dungeon Crawl Stone Soup version 0.27-a0-1317-gd1140b374c (webtiles) character file.

Game seed: 3953123498740446888

26 Froggeryz the Chopper (level 2, 0/25 HPs)
             Began as a Palentonga Abyssal Knight on June 21, 2021.
             Was a Follower of Lugonu.
             Slain by Robin (3 damage)
             ... on level 1 of the Dungeon.
             The game lasted 00:00:57 (967 turns).

Froggeryz the Chopper (Palentonga Abyssal Knight)    Turns: 967, Time: 00:00:57

Health: 0/25       AC:  4    Str: 15    XL:     2   Next: 89%
Magic:  3/3        EV:  9    Int: 12    God:    Lugonu [*.....]
Gold:   3          SH:  0    Dex:  9    Spells: 1/1 levels left

rFire    . . .     SeeInvis +   a - +1 hand axe
rCold    . . .     Faith    .   (no shield)
rNeg     . . .     Spirit   .   b - +0 leather armour
rPois    .         Reflect  .   (no helmet)
rElec    .         Harm     .   (no cloak)
rCorr    .         Rampage  .   (no gloves)
Will     .....                  (no barding)
Stlth    +.........             (no amulet)
HPRegen  0.08/turn              (no ring)
MPRegen  0.08/turn              (no ring)

@: no status effects
A: large, rugged brown scales 3, see invisible, deformed body, roll 1, armoured
tail
a: Rolling Charge, Renounce Religion, Depart the Abyss


You were on level 1 of the Dungeon.
You worshipped Lugonu.
Lugonu was aware of your devotion.
You visited 1 branch of the dungeon, and saw 2 of its levels.
You visited the Abyss 1 time.

You collected 3 gold pieces.

Inventory:

Hand Weapons
 a - a +1 hand axe (weapon)
Armour
 b - a +0 leather armour (worn)
 c - a +0 tower shield
Scrolls
 d - 2 scrolls of teleportation {unknown}
 e - a scroll of vulnerability {unknown}
 f - a scroll of amnesia {unknown}
 g - 3 scrolls of enchant armour {unknown}
 h - a scroll of immolation


   Skills:
 - Level 3.0 Fighting
 * Level 3.1 Axes
 + Level 2.0 Armour
 - Level 0.7 Dodging
 - Level 2.0 Invocations


You had one spell level left.
You didn't know any spells.
Your spell library was empty.

Dungeon Overview and Level Annotations

Branches:
Dungeon (2/15)

Altars:

Annotations:
D:1 Robin


Innate Abilities, Weirdness & Mutations

You are completely covered in rugged brown scales. (AC +3, +7% HP)
You have supernaturally acute eyesight. (SInv)
Armour fits poorly on your strangely shaped body.
You can roll at nearby foes to attack.
You have a long armoured tail.


Message History

Robin roars a battlecry!
The goblin goes into a battle-frenzy!
Robin's horned helmet rattles.
Robin hits you with a +0 club.
You climb upwards.
There is a stone staircase leading down here.
You closely miss Robin.
Robin laughs in a distinctly smug fashion.
Robin hits you with a +0 club.
You hit Robin.
Your tail-slap misses Robin.
Robin is lightly wounded.
Robin hits you with a +0 club.
You are too injured to fight recklessly!
You are too injured to fight recklessly!
You hit Robin but do no damage.
Your tail-slap misses Robin.
Robin hits you with a +0 club.
You hit Robin.
Robin is moderately wounded.
Robin barely misses you.
You hit Robin but do no damage. You tail-slap Robin.
Robin is heavily wounded.
Robin closely misses you.
You hit Robin.
Robin is heavily wounded.
Robin hits you but does no damage.
You hit Robin.
Robin is heavily wounded.
Robin misses you.
You hit Robin.
Robin is severely wounded.
Robin hits you with a +0 club.
* * * LOW HITPOINT WARNING * * *
Robin barely misses you.
You hit Robin.
Robin is almost dead.
Robin barely misses you.
You hit Robin but do no damage.
Robin is almost dead.
Robin hits you with a +0 club.
You die...

...#.....#
#..##..............###
......##.#
##.##.######.........<
.......#.# #.##.#
###########
..+..##..####..#.######
.................#....#
####...........#.#....#
.................#....#
############.##.g#....#
#....@.....#
#######....# #....#
#....# ####.# #.# #.#
#.# #.#


You could see Robin.

Vanquished Creatures
  A dart slug (D:1)
  An endoplasm (D:1)
  2 giant cockroaches (D:1)
  4 goblins
  5 hobgoblins
  4 ball pythons (D:1)
  2 frilled lizards (D:1)
  3 rats (D:1)
22 creatures vanquished.

Notes
Turn   | Place    | Note
-------+----------+-------------------------------------------
     0 | Abyss:1  | Froggeryz the Palentonga Abyssal Knight began the quest for
                  | the Orb.
     0 | Abyss:1  | Reached XP level 1. HP: 19/19 MP: 2/2
    58 | Abyss:1  | Noticed a chaos spawn
    61 | D:1      | Escaped the Abyss
   276 | D:1      | Reached * piety under Lugonu
   383 | D:1      | Reached XP level 2. HP: 25/25 MP: 3/3
   769 | D:1      | Found a faded altar of an unknown god.
   931 | D:2      | Noticed Robin
   967 | D:1      | Slain by Robin

Illustrated notes

Levels and vault maps discovered:
D:1:      dpeg_arrival_tiny_i, layout_basic, hellmonk_ecumenical_altar_blasted
D:2:      layout_loops_ring, roderic_roman_lattice, uniq_robin

Skill      XL: |  1  2 |
---------------+-------+-----
Armour         | 2 |  2.0
Axes           | 3 |  3.1
Fighting       | |  3.0
Dodging        | |  0.7
Invocations    | |  2.0

Action                   || total
-------------------------++-------
Melee: Hand axe          ||    59
       Tailslap          ||     5
Invok: Depart the Abyss  ||     1
Armor: Leather armour    ||    15
Dodge: Dodged            ||    24

Table legend: (Time is in decaauts)
 A = Elapsed time spent in this place.
 B = Non-inter-level travel time spent in this place.
 C = Inter-level travel time spent in this place.
 D = Time resting spent in this place.
 E = Time spent auto-exploring this place.
 F = Levels seen in this place.
 G = Mean time per level.
                   A        B        C        D        E       F      G
               +--------+--------+--------+--------+--------+-----+--------+
         Total |    976 |    962 |     14 |    159 |    639 |   3 |  325.3 |
       Dungeon |    915 |    901 |     14 |    159 |    605 |   2 |  457.5 |
         Abyss |     61 |     61 |      0 |      0 |     34 |   1 |   61.0 |
               +--------+--------+--------+--------+--------+-----+--------+

Top non-repeatable levels by time:
     D:1: 875 daAuts
 Abyss:1: 61 daAuts
     D:2: 40 daAuts
